 Dungeon Crawl Stone Soup version 0.30-a0-782-ge64f9170bb (webtiles) character file.

Game seed: 18141547927343669154

54432 mopl the Spear-Bearer (level 14, -5/100 HPs)
             Began as a Merfolk Summoner on Mar 12, 2023.
             Was a High Priest of Sif Muna.
             Slain by Donald
             ... wielding a +2 broad axe of venom
              (14 damage)
             ... on level 9 of the Dungeon on Mar 13, 2023.
             The game lasted 00:53:51 (19598 turns).

mopl the Spear-Bearer (Merfolk Summoner)           Turns: 19598, Time: 00:53:52

Health: -5/100     AC: 16    Str:  9    XL:     14   Next: 72%
Magic:  5/29       EV: 16    Int: 18    God:    Sif Muna [*****.]
Gold:   1000       SH:  5    Dex: 15    Spells: 6/35 levels left

rFire   . . .      SeeInvis .    a - +2 spear (heavy)
rCold   + . .      Faith    .    Z - +0 buckler
rNeg    . . .      Spirit   .    j - +0 troll leather armour
rPois   +          Reflect  .    m - +1 helmet
rElec   .          Harm     .    S - +0 cloak
rCorr   +          Rampage  .    f - +2 pair of gloves
Will    ++...                    t - +1 pair of boots {Fly}
Stlth   ++                       (no amulet)
HPRegen 1.16/turn                W - ring "Ridibar" {Fly rPois Will+ rCorr AC+4}
MPRegen 0.21/turn                N - ring of protection from cold

@: lethally poisoned (-5 -> -6), forested, flying, very slightly contaminated,
studying 2 skills
A: (nimble swimmer 2), mertail
a: Renounce Religion, Channel Magic, Forget Spell, Divine Exegesis


You were on level 9 of the Dungeon.
You worshipped Sif Muna.
Sif Muna was extremely pleased with you.
You visited 4 branches of the dungeon, and saw 19 of its levels.
You also visited: Sewer and Bailey.

You collected 1746 gold pieces.
You spent 746 gold pieces at shops.

Inventory:

Hand Weapons
 a - a +2 heavy spear (weapon)
Missiles
 k - a throwing net
 P - 134 poisoned darts
 U - 11 curare-tipped darts
Armour
 f - a +2 pair of gloves (worn)
 j - a +0 troll leather armour (worn)
 m - a +1 helmet (worn)
 t - a +1 pair of boots of flying (worn)
 S - a +0 cloak (worn)
 Z - a +0 buckler (worn)
Jewellery
 c - a ring of protection from fire
 N - a ring of protection from cold (right hand)
 O - a ring of positive energy
 W - the ring "Ridibar" (left hand) {Fly rPois Will+ rCorr AC+4}
   (You bought it in a shop on level 2 of the Dungeon)

   [ring of protection]

   AC:        It affects your AC (+4).
   rPois:     It protects you from poison.
   Fly:       It grants you flight.
   rCorr:     It protects you from acid and corrosion.
   Will:      It increases your willpower.
Wands
 g - a wand of digging (6)
 A - a wand of light (10)
 J - a wand of iceblast (26)
 M - a wand of flame (36)
 R - a wand of polymorph (17)
 X - a wand of charming (14)
Scrolls
 d - 6 scrolls of fog
 e - 3 scrolls of acquirement {unknown}
 h - 3 scrolls of poison {unknown}
 l - 2 scrolls of noise {unknown}
 q - 2 scrolls of fear {unknown}
 r - 2 scrolls of magic mapping {unknown}
 u - 6 scrolls of teleportation {unknown}
 v - 2 scrolls of butterflies {unknown}
 x - 2 scrolls of vulnerability {unknown}
 y - a scroll of blinking
 D - 2 scrolls of amnesia {unknown}
 F - a scroll of enchant armour {unknown}
 G - 2 scrolls of enchant weapon {unknown}
 H - 2 scrolls of immolation {unknown}
Potions
 b - a potion of magic
 i - 5 potions of curing
 n - 4 potions of lignification {unknown}
 p - 2 potions of berserk rage {!q}
 w - a potion of might
 z - 3 potions of resistance
 B - a potion of mutation {!q}
 C - 2 potions of brilliance
 K - a potion of haste
 L - a potion of ambrosia
 Q - 3 potions of invisibility
 V - 5 potions of heal wounds


   Skills:
 + Level 6.0 Fighting
 - Level 14.0 Polearms
 + Level 11.0 Dodging
 - Level 2.1 Stealth
 - Level 5.0 Shields
 + Level 11.4 Spellcasting
 - Level 5.0 Hexes
 + Level 12.9 Summonings
 - Level 5.0 Translocations
 - Level 3.0 Air Magic
 + Level 8.3 Invocations
 + Level 4.5 Evocations


You had 6 spell levels left.
You knew the following spells:

 Your Spells              Type           Power      Damage    Failure   Level
a - Summon Cactus Giant   Summ           27%        N/A       10%         6
b - Call Imp              Summ           54%        N/A       1%          2
c - Call Canine Familiar  Summ           54%        N/A       1%          3
d - Summon Small Mammal   Summ           100%       N/A       1%          1
f - Summon Forest         Summ/Tloc      21%        N/A       9%          5
g - Summon Guardian Gole  Hex/Summ       42%        N/A       1%          3
s - Summon Lightning Spi  Summ/Air       38%        N/A       4%          4
v - Summon Mana Viper     Hex/Summ       42%        N/A       9%          5

Your spell library contained the following spells:

 Spells                   Type           Power      Damage    Failure   Level
 Confusing Touch          Hex            28%        N/A       4%          3
 Shock                    Conj/Air       60%        1d6       7%          1
 Swiftness                Air            21%        N/A       11%         3
 Beastly Appendage        Tmut           20%        N/A       12%         1
 Kiss of Death            Conj/Necr      40%        2d8       12%         1
 Magic Dart               Conj           40%        1d5       12%         1
 Wereblood                Tmut           10%        N/A       19%         2
 Mephitic Cloud           Conj/Pois/Air  13%        N/A       24%         3
 Airstrike                Air            10%        2d(2-18)  34%         4
 Frozen Ramparts          Ice            20%        1d4       36%         3
 Ignite Poison            Fire/Tmut/Pois 10%        N/A       36%         3
 Spider Form              Tmut/Pois      10%        N/A       36%         3
 Dispel Undead            Necr           10%        3d9       77%         4
 Petrify                  Tmut/Erth      10%        N/A       77%         4
 Sticky Flame             Conj/Fire      10%        2d3       77%         4
 Metabolic Englaciation   Hex/Ice        9%         N/A       77%         5
 Lightning Bolt           Conj/Air       7%         1d20      88%         5
 Fireball                 Conj/Fire      5%         3d5       98%         5
 Simulacrum               Ice/Necr       5%         N/A       100%        6
 Statue Form              Tmut/Erth      6%         N/A       100%        6
 Orb of Destruction       Conj           5%         9d5       100%        7
 Ignition                 Fire           5%         3d4       100%        8
 Chain Lightning          Conj/Air       7%         3d10      100%        9


Dungeon Overview and Level Annotations

Branches:
Dungeon (11/15)            Temple (1/1) D:7            Lair (5/5) D:10
  Swamp (0/4) Lair:3        Snake (0/4) Lair:2        Slime (0/5) Lair:5
    Orc (2/2) D:9           Sewer (visited)          Bailey (visited)
    Elf: Orc:2

Altars:
Ashenzari
Cheibriados
Dithmenos
Elyvilon
Fedhas
Gozag
Hepliaklqana
Kikubaaqudgha
Makhleb
Nemelex Xobeh
Okawaru
Qazlal
Ru
Sif Muna
Trog
Uskayaw
Vehumet
Wu Jian
Xom
Yredelemnul
Zin
The Shining One

Shops:
D:2 =   D:4 *   D:9 :   D:11 (

Annotations:
D:9 Donald
D:10 2 transporters, mopl's ghost, journeyman VSEn


Innate Abilities, Weirdness & Mutations

((You are very nimble when in or above water. (Stealth+, EV+, Speed+++)))
Your lower body shifts to a powerful aquatic tail in water.


Message History

A tree reaches out and hits Donald!
The troll bites your dryad!
The troll claws your dryad but does no damage.
The troll claws your dryad.
Donald hits you with a +2 broad axe of venom!
* * * LOW HITPOINT WARNING * * *
You are more poisoned.
Donald hits your dryad with a +2 broad axe of venom!!
Your dryad dies!
Your dryad's corpse disappears in a puff of smoke!
The forest abruptly stops moving.
The troll shouts!
You feel much better.
You feel very sick.
Donald hits you with a +2 broad axe of venom.
Donald hits your cactus giant with a +2 broad axe of venom!
The troll is struck by your cactus giant's spines.
The troll dies!
Sif Muna accepts your kill.
The troll leather armour is intact enough to wear.
Your cactus giant hits Donald with a +0 giant spiked club!!
Your Dodging skill increases to level 11!
You feel very sick.
Donald hits you with a +2 broad axe of venom!
You are more poisoned.
Donald hits your cactus giant with a +2 broad axe of venom!
Donald hits you with a +2 broad axe of venom!!
* * * LOW HITPOINT WARNING * * *
You are more poisoned.
Donald hits your cactus giant with a +2 broad axe of venom!!
Your cactus giant is destroyed!
Your cactus giant disappears in a puff of smoke!
You feel better.
Donald says, "Found the spell you wanted yet?"
Donald barely misses you.
You feel much better.
Donald hits you with a +2 broad axe of venom!!
* * * LOW HITPOINT WARNING * * *
You are poisoned.
Donald hits you with a +2 broad axe of venom!
You die...

.###.## #...#..........#.# ####.
## #..# ###...........##.#####..
# ##.## #...♣♣..#...###..#.##.. #
#..#######.##..♣♣♣...##........
.##...##.##...#..♣....#####.#..#.
##...........#....(..## #.#..#.
........♣#♣♣#..♣.[#########....##
........#...".)8......#........#
###.....♣.......@.....#........##
####....#......@..[...#.........#
.#.............[................#
....#....8~~.♣.>♣....8......#.###
....#.....~~~~..............#####
...#....#≈≈≈~~........#......#...
..##....♣~~≈..........#....##....
..####..♣~.....8......#..........
....#...#♣###.....#####........!.


You could see Donald (fast, strong, reflecting).

Vanquished Creatures
  A fire dragon (Lair:5)
  A hydra (Lair:5)
  A catoblepas (Lair:4)
  2 two-headed ogres
  A manticore (D:11)
  A cyclops (D:8)
  2 elephants (Lair:3)
  2 black mambas
  9 cane toads
  2 torpor snails (Lair:5)
  2 rime drakes
  2 komodo dragons
  3 trolls
  A polar bear (Lair:5)
  2 blink frogs (Lair:5)
  12 dream sheep (Lair:5)
  3 wyverns
  34 yaks
  A wraith (D:11)
  3 basilisks
  A vampire mosquito (D:10)
  A steam dragon (D:9)
  A swamp worm (Lair:3)
  10 water moccasins
  2 acid dragons (Lair:5)
  2 nameless horrors (Lair:5)
  A swamp drake (Lair:5)
  A black bear (D:8)
  A sky beast (D:6)
  An orc warrior (Bailey)
  5 wolves
  2 centaurs (D:6)
  10 bullfrogs
  9 kobold brigands
  2 necrophages
  A gnoll sergeant (D:10)
  2 scorpions
  4 wights (D:9)
  3 troll zombies (D:9)
  5 killer bees
  3 electric eels
  A howler monkey (D:5)
  7 hounds
  A jelly (D:7)
  6 orc priests
  7 iguanas
  2 orc wizards
  2 ogre zombies (D:9)
  Robin (D:2)
  17 gnolls
  6 adders
  2 ufetubi (D:5)
  2 worms (D:4)
  4 dart slugs
  22 orcs
  9 ball pythons
  9 endoplasms
  9 giant cockroaches
  15 goblins
  8 hobgoblins
  2 jackals (D:4)
  11 quokkas
  9 bats
  9 frilled lizards
  A goblin skeleton (D:9)
  23 kobolds
  An orc skeleton (D:9)
  5 orc zombies (D:9)
  8 rats
351 creatures vanquished.

Vanquished Creatures (collateral kills)
  Gastronok (Lair:3)
  Nessos (Lair:3)
  A catoblepas (Lair:4)
  Erolcha (D:10)
  2 hydras
  A boulder beetle (D:11)
  A two-headed ogre (D:11)
  4 death yaks (Lair:5)
  2 skysharks
  A swamp dragon (Lair:5)
  An orc sorcerer (Orc:2)
  7 elephants
  Maurice (D:9)
  Joseph (D:8)
  2 black mambas
  Maggie (D:6)
  A torpor snail (Lair:5)
  2 cane toads (Lair:4)
  2 gargoyles
  A rime drake (Lair:5)
  A kobold demonologist (D:11)
  7 komodo dragons
  2 polar bears
  2 trolls
  A tyrant leech (Lair:3)
  3 blink frogs (Lair:5)
  3 dream sheep (Lair:5)
  A shadow (D:8)
  3 nameless horrors
  A wraith (D:10)
  23 yaks
  A wyvern (D:10)
  A basilisk (Lair:5)
  A steam dragon (Lair:5)
  Menkaure (D:5)
  A swamp worm (Lair:3)
  6 nagas (Lair:2)
  6 water moccasins
  An acid dragon (Lair:5)
  10 orc warriors
  2 ice beasts
  A sky beast (D:7)
  5 ogres
  2 wolves (Lair:5)
  2 centaurs
  A phantom (D:9)
  17 kobold brigands
  2 bullfrogs
  A gnoll sergeant (D:9)
  A wight (D:9)
  7 killer bees
  An electric eel (D:8)
  A jelly (D:7)
  8 orc priests
  A gnoll bouda (D:4)
  5 iguanas
  9 orc wizards
  7 hell rats
  3 ogre zombies (D:9)
  5 gnolls
  A river rat (D:4)
  5 adders
  A white imp (D:5)
  An ufetubus (D:5)
  15 orcs
  A ball python (D:4)
  A bat (D:5)
  An endoplasm (Sewer)
  A goblin (D:4)
  2 jackals (D:4)
  2 quokkas
  A frilled lizard (Sewer)
  3 goblin skeletons (D:9)
  2 hobgoblin skeletons (D:9)
  A hobgoblin zombie (D:9)
  22 kobolds
  2 orc skeletons (D:9)
  10 orc zombies (D:9)
  A rat (D:3)
263 creatures vanquished.

Vanquished Creatures (others)
  3 orc warriors (Bailey)
  A kobold brigand (Bailey)
  2 killer bees (D:8)
  An orc wizard (D:5)
  A kobold (D:8)
  36 fungi
  58 plants
  A snaplasher vine (Orc:2)
103 creatures vanquished.

Grand Total: 717 creatures vanquished

Notes
Turn   | Place    | Note
-------+----------+-------------------------------------------
     0 | D:1      | mopl the Merfolk Summoner began the quest for the Orb.
     0 | D:1      | Reached XP level 1. HP: 13/13 MP: 3/3
   121 | D:1      | Reached skill level 1 in Polearms
   186 | D:1      | Reached XP level 2. HP: 15/19 MP: 5/5
   555 | D:1      | Learned a level 2 spell: Call Imp
   748 | D:2      | Found a glowing silver altar of Zin.
   798 | D:2      | Found Biqib's Jewellery Emporium.
   879 | D:2      | Reached XP level 3. HP: 18/24 MP: 6/6
   885 | D:2      | Learned a level 3 spell: Call Canine Familiar
   909 | D:2      | Noticed Robin
   978 | D:2      | Reached skill level 2 in Polearms
  1004 | D:2      | Killed Robin
  1250 | D:2      | Reached XP level 4. HP: 30/30 MP: 8/8
  1568 | D:3      | Found a faded altar of an unknown god.
  1685 | D:3      | Found a bloodstained altar of Trog.
  2282 | D:4      | Reached skill level 3 in Polearms
  2282 | D:4      | Reached skill level 3 in Spellcasting
  2297 | D:4      | Found a glowing drain.
  2312 | Sewer    | Entered a sewer
  2332 | Sewer    | Reached XP level 5. HP: 35/35 MP: 6/9
  2449 | Sewer    | Reached skill level 5 in Summonings
  2609 | Sewer    | Reached skill level 4 in Polearms
  2609 | Sewer    | Reached XP level 6. HP: 32/41 MP: 7/11
  2799 | D:4      | Found Roiky's Assorted Antiques.
  2889 | D:4      | Bought a scroll labelled IMUVOM BUXKOY for 21 gold pieces
  2889 | D:4      | Bought a scroll labelled BILARGH WEELAXE for 21 gold pieces
  2889 | D:4      | Bought a scroll labelled HUTESETOX for 21 gold pieces
  2889 | D:4      | Bought a coppery potion for 18 gold pieces
  2984 | D:4      | Found a large runed translucent door.
  3019 | D:4      | Found a large runed translucent door.
  3029 | D:4      | Found a large runed translucent door.
  3029 | D:4      | Found a large runed translucent door.
  3041 | D:4      | Learned a level 3 spell: Summon Guardian Golem
  3237 | D:4      | Reached skill level 4 in Spellcasting
  3237 | D:4      | Reached skill level 1 in Hexes
  3237 | D:4      | Reached XP level 7. HP: 44/46 MP: 5/13
  3298 | D:4      | Learned a level 4 spell: Summon Lightning Spire
  3326 | D:4      | Noticed a wyvern
  3347 | D:4      | Killed a wyvern
  3348 | D:4      | Reached skill level 5 in Polearms
  3530 | D:4      | Reached skill level 1 in Air Magic
  3585 | D:4      | Reached skill level 2 in Hexes
  3836 | D:4      | Reached skill level 6 in Summonings
  3932 | D:4      | Identified the +5 long sword of Keufuratz {speed, rF+}
  4111 | D:4      | Reached XP level 8. HP: 28/52 MP: 3/14
  4200 | D:5      | Entered Level 5 of the Dungeon
  4510 | D:5      | Reached skill level 6 in Polearms
  4542 | D:5      | Reached skill level 3 in Hexes
  4542 | D:5      | Reached skill level 2 in Air Magic
  5014 | D:5      | Reached skill level 5 in Spellcasting
  5526 | D:5      | Reached skill level 7 in Polearms
  5590 | D:5      | Noticed Menkaure
  5599 | D:5      | Killed Menkaure
  5600 | D:5      | Reached skill level 7 in Summonings
  5600 | D:5      | Reached skill level 3 in Air Magic
  5600 | D:5      | Reached XP level 9. HP: 57/57 MP: 12/17
  6218 | D:6      | Reached skill level 8 in Polearms
  6267 | D:6      | Reached skill level 6 in Spellcasting
  6448 | D:6      | Noticed Maggie
  6865 | D:6      | Found a sparkling altar of Nemelex Xobeh.
  6865 | D:6      | Found a shadowy altar of Dithmenos.
  7117 | D:7      | Found a staircase to the Ecumenical Temple.
  7156 | Temple   | Entered the Ecumenical Temple
  7349 | Temple   | Became a worshipper of Sif Muna the Loreminder
  7372 | D:7      | Learned a level 5 spell: Summon Mana Viper
  7390 | D:7      | Reached skill level 8 in Summonings
  7393 | D:7      | Reached skill level 9 in Polearms
  7907 | D:8      | Noticed Joseph
  7915 | D:8      | Found a broken altar of Ashenzari.
  7915 | D:8      | Found a shimmering altar of Xom.
  8130 | D:8      | Reached * piety under Sif Muna
  8131 | D:8      | Reached skill level 7 in Spellcasting
  8131 | D:8      | Reached XP level 10. HP: 53/63 MP: 16/20
  8253 | D:8      | Found a transporter.
  8303 | D:8      | Found a transporter.
  8318 | D:8      | Reached skill level 10 in Polearms
  8358 | D:8      | Killed Joseph
  8548 | D:8      | Found a sacrificial altar of Ru.
  8561 | D:8      | Noticed a cyclops
  8583 | D:8      | Killed a cyclops
  8584 | D:8      | Reached skill level 9 in Summonings
  8600 | D:8      | Learned a level 6 spell: Summon Cactus Giant
  8602 | D:8      | Noticed a two-headed ogre
  8630 | D:8      | Killed a two-headed ogre
  8836 | D:8      | Reached skill level 8 in Spellcasting
  8886 | D:8      | Reached skill level 11 in Polearms
  9445 | D:2      | Bought the ring "Ridibar" {Fly rPois Will+ rCorr AC+4} for
                  | 665 gold pieces
  9623 | D:9      | Reached ** piety under Sif Muna
  9741 | D:9      | Found a flagged portal.
  9774 | Bailey   | Entered a bailey
 10086 | Bailey   | Reached XP level 11. HP: 67/68 MP: 5/23
 10092 | Bailey   | Reached skill level 10 in Summonings
 10215 | Bailey   | Found a bloodstained altar of Trog.
 10303 | D:9      | Reached skill level 12 in Polearms
 10385 | D:9      | Reached *** piety under Sif Muna
 10494 | D:9      | Found a staircase to the Orcish Mines.
 10511 | D:9      | Noticed Maurice
 11141 | D:9      | Reached skill level 1 in Shields
 11141 | D:9      | Reached skill level 9 in Spellcasting
 11214 | D:9      | Killed Maurice
 11383 | D:9      | Found Ugob's Vocational Training.
 11408 | D:10     | Entered Level 10 of the Dungeon
 11408 | D:10     | Noticed a two-headed ogre
 11422 | D:10     | Killed a two-headed ogre
 11423 | D:10     | Reached skill level 2 in Shields
 11423 | D:10     | Reached skill level 1 in Invocations
 11453 | D:10     | Noticed Erolcha
 11493 | D:10     | Killed Erolcha
 11638 | D:10     | Found a staircase to the Lair.
 11683 | D:10     | Reached **** piety under Sif Muna
 11695 | D:10     | Reached skill level 2 in Invocations
 11888 | D:10     | Reached skill level 3 in Shields
 12006 | D:10     | Found a transporter.
 12008 | D:10     | Noticed mopl's ghost (journeyman VSEn)
 12009 | D:10     | Noticed a moth of wrath
 12047 | D:10     | Found a transporter.
 12317 | Lair:1   | Entered Level 1 of the Lair of Beasts
 12359 | Lair:1   | Noticed a skyshark
 12366 | Lair:1   | Killed a skyshark
 12367 | Lair:1   | Reached skill level 13 in Polearms
 12367 | Lair:1   | Reached skill level 3 in Invocations
 12484 | Lair:1   | Reached XP level 12. HP: 71/74 MP: 20/25
 12491 | Lair:1   | Reached skill level 11 in Summonings
 12953 | Lair:1   | Reached skill level 4 in Shields
 13054 | Lair:1   | Reached skill level 4 in Invocations
 13362 | Lair:1   | Learned a level 5 spell: Summon Forest
 13570 | Lair:2   | Reached skill level 1 in Translocations
 13619 | Lair:2   | Reached ***** piety under Sif Muna
 13620 | Lair:2   | Reached skill level 10 in Spellcasting
 13855 | Lair:2   | Found a staircase to the Snake Pit.
 13944 | Lair:2   | Reached skill level 5 in Invocations
 14253 | Lair:3   | Noticed Gastronok
 14261 | Lair:3   | Reached skill level 5 in Shields
 14297 | Lair:3   | Killed Gastronok
 14298 | Lair:3   | Reached skill level 2 in Translocations
 14482 | Lair:3   | Received a gift from Sif Muna
 14487 | Lair:3   | Reached skill level 3 in Dodging
 14517 | Lair:3   | Found a staircase to the Swamp.
 14535 | Lair:3   | Reached skill level 14 in Polearms
 14575 | Lair:3   | Reached skill level 1 in Fighting
 14614 | Lair:3   | Reached skill level 4 in Dodging
 14614 | Lair:3   | Reached XP level 13. HP: 82/82 MP: 21/27
 14631 | Lair:3   | Reached skill level 4 in Hexes
 14831 | Lair:3   | Noticed Nessos
 14840 | Lair:3   | Killed Nessos
 14841 | Lair:3   | Reached skill level 2 in Fighting
 14841 | Lair:3   | Reached skill level 5 in Dodging
 14841 | Lair:3   | Reached skill level 3 in Translocations
 14841 | Lair:3   | Reached skill level 6 in Invocations
 15287 | Lair:4   | Reached skill level 6 in Dodging
 15471 | Lair:4   | Reached skill level 3 in Fighting
 15515 | Lair:4   | Reached skill level 12 in Summonings
 15882 | Lair:5   | Entered Level 5 of the Lair of Beasts
 16059 | Lair:5   | Reached skill level 7 in Dodging
 16071 | Lair:5   | Reached skill level 1 in Evocations
 16195 | Lair:5   | Reached skill level 5 in Hexes
 16203 | Lair:5   | Reached skill level 4 in Fighting
 16235 | Lair:5   | Reached skill level 4 in Translocations
 16235 | Lair:5   | Reached skill level 7 in Invocations
 16269 | Lair:5   | Reached skill level 2 in Evocations
 16301 | Lair:5   | Reached skill level 8 in Dodging
 16558 | Lair:5   | Reached XP level 14. HP: 94/96 MP: 22/28
 16602 | Lair:5   | Reached skill level 11 in Spellcasting
 16619 | Lair:5   | Received a gift from Sif Muna
 16762 | Lair:5   | Reached skill level 9 in Dodging
 16769 | Lair:5   | Reached skill level 3 in Evocations
 16890 | Lair:5   | Reached skill level 5 in Fighting
 17282 | Lair:5   | Identified the +0 plate armour of Rabb {Int+2}
 17387 | Lair:5   | Found a staircase to the Slime Pits.
 18286 | D:6      | Killed Maggie
 18437 | D:11     | Reached skill level 10 in Dodging
 18495 | D:11     | Reached skill level 8 in Invocations
 18541 | D:11     | Found Girghius's Weapon Boutique.
 18571 | D:11     | Reached skill level 5 in Translocations
 18577 | D:11     | Reached skill level 4 in Evocations
 18857 | D:11     | Received a gift from Sif Muna
 18883 | D:11     | Got Sif Muna's Incunable of the Scintillating Wendigo {god
                  | gift}
 19339 | Orc:1    | Entered Level 1 of the Orcish Mines
 19368 | Orc:2    | Entered Level 2 of the Orcish Mines
 19388 | Orc:2    | Reached skill level 6 in Fighting
 19391 | Orc:2    | Noticed Donald
 19596 | D:9      | Reached skill level 11 in Dodging
 19596 | D:9      | HP: 1/100 [Donald/+2 broad axe of venom (32)]
 19598 | D:9      | Slain by Donald

Illustrated notes

Levels and vault maps discovered:
D:1:      saegor_arrival_miasma, layout_basic, dreamdust_princess_bridge,
          serial_bayou_crossing
D:2:      layout_basic, basic_altar, serial_shops, nicolae_shop_waterfront,
          uniq_robin
D:3:      layout_rooms, amcnicky_altar_gilded, serial_corexii_hall,
          chequers_hall_statues_y, chequers_hall_statues_corner_a,
          nicolae_ecumenical_lake_church, minmay_ruptured
D:4:      layout_gridville, serial_shops, nicolae_shop_advertising_works
          [nicolae_subvault_shop_adworks], gup_sewer_entry_bubbles,
          minmay_hollow_rounded_squares
D:5:      layout_loops_ring, roderic_batcave, minmay_manual_monolith,
          uniq_menkaure
D:6:      layout_loops_ring, gammafunk_temple_overflow_elements,
          minmay_misc_feat_encased, minmay_manual_mares, uniq_maggie
D:7:      layout_cave_pools, temple_fountains, minmay_crystal_room
D:8:      gammafunk_steamed_eel, layout_loops_ring, general_overflow_altar,
          chequers_temple_overflow_statue_of_worship, uniq_joseph
D:9:      layout_cave_pools, zombieorc2_lemuel, enter_bailey_2,
          nicolae_shop_vocational, uniq_maurice
D:10:     layout_rooms, erik_lair_island, gammafunk_ghost_berserking_beasts,
          chequers_serial_rivers_small_3, kennysheep_generic_room_14,
          uniq_erolcha
D:11:     layout_roguey [special_room_kobold], serial_shops, shop,
          minmay_fractal_squares_gapless_5
Temple:   nicolae_temple_slightly_damp_pantheon
Lair:1:   layout_small_grid
Lair:2:   layout_chaotic_city, minmay_snake_entry_guardpost_large
Lair:3:   layout_loops_ring, minmay_swamp_entry_worms, serial_bayou_shore_b,
          lemuel_fruit_tree, serial_bayou_shore_a, uniq_nessos, uniq_gastronok
Lair:4:   layout_long_grid, chequers_serial_rivers_room_a,
          infiniplex_staircase_pool
Lair:5:   guppyfry_lair_end_dragon, layout_layer_cave, slime_entry_1
Orc:1:    layout_diamond_mine
Orc:2:    grunt_orc_tribal_feast, layout_caves, uniq_rupert, uniq_donald

Skill      XL: |  1  2  3  4  5  6  7  8  9 10 11 12 13 14 |
---------------+-------------------------------------------+-----
Polearms       | 1 2 3 4 5 7 9 11 13 14 | 14.0
Spellcasting   | 3 4 5 7 8 9 10 11 | 11.4
Summonings     | 5 6 7 8 9 10 11 12 | 12.9
Hexes          | 1 2 3 5 |  5.0
Air Magic      | 1 3 |  3.0
Shields        | 3 5 |  5.0
Invocations    | 3 5 7 8 |  8.3
Translocations | 2 4 5 |  5.0
Dodging        | 4 8 11 | 11.0
Fighting       | 1 4 6 |  6.0
Evocations     | 2 4 |  4.5
Stealth        | |  2.1

Action                     |  1- 3 |  4- 6 |  7- 9 | 10-12 | 13-15 || total
---------------------------+-------+-------+-------+-------+-------++-------
  Melee: Trident           |   118 |   218 |   193 |       |       ||   529
         Tailslap          |     3 |       |       |       |       ||     3
         Punch             |       |     3 |     1 |     3 |       ||     7
         Spear             |       |       |   165 |   719 |   821 ||  1705
         Long sword        |       |       |       |       |     3 ||     3
   Cast: Call Canine Famil |       |    10 |    46 |    42 |    16 ||   114
         Call Imp          |       |     1 |    10 |     3 |       ||    14
         Summon Lightning  |       |       |     2 |    11 |     1 ||    14
         Summon Guardian G |       |       |     2 |     5 |     2 ||     9
         Summon Cactus Gia |       |       |       |    27 |    35 ||    62
         Summon Forest     |       |       |       |       |     3 ||     3
         Summon Mana Viper |       |       |       |       |     1 ||     1
 Invoke: Channel Magic     |       |       |       |       |     1 ||     1
  Evoke: Wand              |       |       |     1 |     1 |     2 ||     4
    Use: Scroll            |       |     1 |     8 |     4 |     3 ||    16
         Potion            |       |       |     3 |       |     3 ||     6
   Stab: Sleeping          |     5 |    11 |     6 |     4 |       ||    26
         Distracted        |     1 |     2 |     2 |     8 |     1 ||    14
 Armour: Robe              |    19 |    50 |   106 |    19 |       ||   194
         Steam dragon scal |       |       |       |   105 |       ||   105
         Troll leather arm |       |       |       |    71 |   184 ||   255
  Dodge: Dodged            |    41 |    86 |   201 |   268 |   321 ||   917
  Block: Buckler           |       |       |       |    86 |   130 ||   216

Table legend: (Time is in decaauts)
 A = Elapsed time spent in this place.
 B = Non-inter-level travel time spent in this place.
 C = Inter-level travel time spent in this place.
 D = Time resting spent in this place.
 E = Time spent auto-exploring this place.
 F = Levels seen in this place.
 G = Mean time per level.
                   A        B        C        D        E       F      G
               +--------+--------+--------+--------+--------+-----+--------+
         Total |  19088 |  17672 |   1416 |   3444 |   8657 |  21 |  909.0 |
       Dungeon |  12538 |  11398 |   1140 |   2501 |   5549 |  11 | 1139.8 |
        Temple |    201 |    165 |     36 |      0 |    148 |   1 |  201.0 |
          Lair |   5437 |   5198 |    239 |    626 |   2887 |   5 | 1087.4 |
  Orcish Mines |    151 |    151 |      0 |     76 |     20 |   2 |   75.5 |
         Sewer |    303 |    303 |      0 |     29 |     49 |   1 |  303.0 |
        Bailey |    456 |    456 |      0 |    212 |      2 |   1 |  456.0 |
               +--------+--------+--------+--------+--------+-----+--------+

Top non-repeatable levels by time:
     D:4: 2035 daAuts
  Lair:5: 1939 daAuts
     D:8: 1884 daAuts
     D:5: 1460 daAuts
     D:6: 1237 daAuts
    D:10: 1082 daAuts
  Lair:1: 972 daAuts
     D:7: 898 daAuts
  Lair:3: 866 daAuts
     D:9: 841 daAuts
  Lair:2: 832 daAuts
    D:11: 827 daAuts
  Lair:4: 827 daAuts
     D:2: 825 daAuts
     D:1: 744 daAuts
